 Dungeon Crawl Stone Soup version 0.28-a0-533-g9f97627e2a (webtiles) character file.

Game seed: 15442449006077525643

88 Conn the Firebug (level 4, 0/27 HPs)
             Began as an Octopode Fire Elementalist on Sept 26, 2021.
             Slain by a goblin (3 damage)
             ... on level 3 of the Dungeon.
             The game lasted 00:03:44 (1220 turns).

Conn the Firebug (Octopode Fire Elementalist)       Turns: 1220, Time: 00:03:45

Health: 0/27       AC:  1    Str:  7    XL:     4   Next: 53%
Magic:  8/8        EV: 13    Int: 18    God:
Gold:   65         SH:  0    Dex: 12    Spells: 7/8 levels left

rFire   . . .      SeeInvis .   a - +0 dagger
rCold   . . .      Faith    .   (no shield)
rNeg    . . .      Spirit   .   (helmet restricted)
rPois   .          Reflect  .   (no amulet)
rElec   .          Harm     .   (no ring)
rCorr   .          Rampage  .   (no ring)
Will    .....                   (no ring)
Stlth   +++.......              (no ring)
HPRegen 0.09/turn               (no ring)
MPRegen 0.11/turn               (no ring)
                                (no ring)
                                (no ring)

@: very slightly contaminated
A: almost no armour, amphibious, 8 rings, camouflage 1, gelatinous body 1,
(nimble swimmer 1), tentacles
a: no special abilities


You were on level 3 of the Dungeon.
You visited 1 branch of the dungeon, and saw 3 of its levels.

You collected 65 gold pieces.

Inventory:

Hand Weapons
 a - a +0 dagger (weapon)
Scrolls
 b - 2 scrolls of holy word {unknown}
 d - a scroll of identify {unknown}
 e - 2 scrolls of magic mapping {unknown}
 k - a scroll of brand weapon {unknown}


   Skills:
 + Level 2.3 Dodging
 + Level 3.1 Stealth
 + Level 2.7 Spellcasting
 + Level 2.0 Conjurations
 + Level 3.8 Fire Magic


You had 7 spell levels left.
You knew the following spells:

 Your Spells              Type           Power      Damage    Failure   Level
a - Foxfire               Conj/Fire      52%        2x1d6     4%          1

Your spell library contained the following spells:

 Spells                   Type           Power      Damage    Failure   Level
 Scorch                   Fire           32%        2d6       5%          2
 Conjure Flame            Conj/Fire      13%        6-21      16%         3
 Inner Flame              Hex/Fire       9%         N/A       22%         3
 Flame Wave               Conj/Fire      13%        3d5       45%         4


Dungeon Overview and Level Annotations

Branches:
Dungeon (2/15)

Altars:


Innate Abilities, Weirdness & Mutations

You cannot wear most types of armour.
You are amphibious.
You can wear up to eight rings at the same time.
Your skin changes colour to match your surroundings (Stealth+).
Your rubbery body absorbs attacks. (AC +1, EV +1)
((You are camouflaged near water. (Stealth+)))
You have tentacles for arms and can constrict up to eight enemies at once.


Message History

The goblin hits you but does no damage. The adder bites you but does no damage.
The gnoll hits you but does no damage.
You barely miss the adder.
The adder is lightly wounded.
The adder bites you but does no damage. The goblin hits you but does no damage.
The gnoll hits you but does no damage.
You hit the adder.
The adder is moderately wounded.
The adder bites you but does no damage. The goblin hits you but does no damage.
The gnoll hits you from afar with a +0 spear.
The adder bites you but does no damage.
You catch the helpless adder completely off-guard!
You puncture the adder!
The adder is almost dead.
You flicker for a moment.
The goblin hits you but does no damage. The gnoll hits you but does no damage.
The adder bites you but does no damage.
You catch the helpless adder completely off-guard!
You puncture the adder!
You kill the adder!
The goblin hits you but does no damage. The gnoll hits you but does no damage.
You hit the goblin but do no damage. The goblin hits you but does no damage.
You closely miss the goblin. The goblin hits you but does no damage.
You barely miss the goblin. The goblin hits you but does no damage.
You hit the goblin.
The goblin is moderately wounded.
You flicker back into view.
The gnoll hits you but does no damage. The goblin hits you but does no damage.
You barely miss the goblin.
The goblin is moderately wounded.
The gnoll hits you from afar with a +0 spear.
The goblin hits you but does no damage.
You cannot move.
You miss the goblin.
The goblin is moderately wounded.
You feel less wooden.
The gnoll hits you from afar with a +0 spear.
* * * LOW HITPOINT WARNING * * *
The goblin hits you with a +0 club.
You die...

#.. .# #..# #[##
.###... ...
....... ... .....
#.# #... #.#
#...##.####.#
#...@gg.....#
##..)##)####.#.#
...(...v.........#
####.............#
#..###.##.....#
.... #.# ##.#.#
###. #g######.# #.
#........#
#........#


You could see a gnoll and a goblin.

Vanquished Creatures
  3 gnolls (D:3)
  3 adders
  3 endoplasms
  A giant cockroach (D:1)
  5 goblins (D:1)
  5 hobgoblins
  3 ball pythons (D:1)
  4 bats
  A frilled lizard (D:3)
  2 kobolds (D:1)
  2 rats (D:1)
32 creatures vanquished.

Vanquished Creatures (others)
  81 foxfires
81 creatures vanquished.

Grand Total: 113 creatures vanquished

Notes
Turn   | Place    | Note
-------+----------+-------------------------------------------
     0 | D:1      | Conn the Octopode Fire Elementalist began the quest for the
                  | Orb.
     0 | D:1      | Reached XP level 1. HP: 11/11 MP: 3/3
   161 | D:1      | Reached XP level 2. HP: 17/17 MP: 3/5
   662 | D:1      | Reached XP level 3. HP: 21/21 MP: 4/6
  1044 | D:2      | Found a faded altar of an unknown god.
  1138 | D:2      | You fall into a shaft and drop 1 floor!
  1146 | D:3      | Reached XP level 4. HP: 27/27 MP: 2/8
  1205 | D:3      | HP: 2/40 [adder (3)]
  1220 | D:3      | Slain by a goblin

Illustrated notes

Levels and vault maps discovered:
D:1:      dpeg_arrival_castle, layout_rooms
D:2:      layout_basic, ebering_ecumenical_altar_mist, grunt_decor_cap
D:3:      layout_basic, marbit_many_paths, overflow_temple_1_default,
          serial_corexii_hall, corexii_hall_statues_x,
          chequers_hall_statues_corner_a, ebering_dispersal_statue_hall

Skill      XL: |  1  2  3  4 |
---------------+-------------+-----
Stealth        | 3 |  3.1
Conjurations   | 2 |  2.0
Dodging        | |  2.3
Spellcasting   | |  2.7
Fire Magic     | |  3.8

Action                   |  1- 3 |  4- 6 || total
-------------------------+-------+-------++-------
Melee: Dagger            |    10 |    38 ||    48
       Constrict         |     2 |     1 ||     3
       Tentacles         |     1 |       ||     1
 Cast: Foxfire           |    45 |     6 ||    51
  Use: Potion            |       |     5 ||     5
       Scroll            |       |     1 ||     1
 Stab: Sleeping          |     1 |       ||     1
       Invisible         |       |     3 ||     3
Armor: Skin              |     2 |   104 ||   106
Dodge: Dodged            |    10 |    21 ||    31

Table legend: (Time is in decaauts)
 A = Elapsed time spent in this place.
 B = Non-inter-level travel time spent in this place.
 C = Inter-level travel time spent in this place.
 D = Time resting spent in this place.
 E = Time spent auto-exploring this place.
 F = Levels seen in this place.
 G = Mean time per level.
                   A        B        C        D        E       F      G
               +--------+--------+--------+--------+--------+-----+--------+
         Total |   1219 |   1219 |      0 |      0 |    869 |   3 |  406.3 |
       Dungeon |   1219 |   1219 |      0 |      0 |    869 |   3 |  406.3 |
               +--------+--------+--------+--------+--------+-----+--------+

Top non-repeatable levels by time:
     D:1: 704 daAuts
     D:2: 432 daAuts
     D:3: 81 daAuts
